 Dungeon Crawl Stone Soup version 0.26-a0-757-g626ac9e51a (webtiles) character file.

Game seed: 64307598651692686

666761 mandarbmax the Imperceptible (level 27, -16/147 HPs)
             Began as a Vine Stalker Fighter on Nov 5, 2020.
             Was a Follower of Uskayaw.
             Killed from afar by a quicksilver dragon (31 damage)
             ... with a bolt of dispelling energy
             ... on level 1 of the Realm of Zot on Nov 8, 2020.
             The game lasted 05:34:51 (51037 turns).

mandarbmax the Imperceptible (VSFi)                Turns: 51037, Time: 05:34:53

Health: -16/147    AC: 42    Str: 28    XL:     27
Magic:  0/37       EV: 14    Int: 10    God:    Uskayaw [*.....]
Gold:   4193       SH: 24    Dex: 31    Spells: 13/26 levels left

rFire    + + .     SeeInvis .   K - +6 quick blade "Qocyopasm" {pain, Fragile rF+ Str+3 Dex+8}
rCold    + + .     Faith    +   u - +0 tower shield
rNeg     + . .     Spirit   +   J - +6 gold dragon scales
rPois    +         Reflect  .   S - +2 hood of the Assassin {Detection Stab+ Stlth++}
rElec    +         Harm     .   L - scarf {shadows}
rCorr    .         Rampage  .   g - +2 pair of gloves
MR       +++..                  m - +2 pair of boots {Stlth+}
Stlth    ++++......             v - amulet of Beogh's Grace {Faith rElec rC+}
HPRegen  1.14/turn              t - ring of Robustness {AC+8}
MPRegen  0.25/turn              p - ring "Matius" {+Inv rN+ Str+2 Stlth-}

@: very slightly contaminated
A: fangs 3, blurry vision 1, clever 1, poison resistance, regeneration 2, magic
shield, antimagic bite, no potion heal 3, rot immunity
}: 5/15 runes: decaying, slimy, silver, abyssal, gossamer
a: Stomp, Renounce Religion, Evoke Invisibility


You were on level 1 of the Realm of Zot.
You worshipped Uskayaw.
Uskayaw was most pleased with you.
You visited 11 branches of the dungeon, and saw 51 of its levels.
You visited the Abyss 1 time.
You visited 2 bazaars.
You also visited: Trove, Gauntlet and Ice Cave.

You collected 10980 gold pieces.
You spent 6787 gold pieces at shops.

Inventory:

Hand Weapons
 K - the +6 quick blade "Qocyopasm" (weapon) {pain, Fragile rF+ Str+3 Dex+8}
   (You acquired it on level 5 of the Lair of Beasts)

   In the hands of one skilled in necromantic magic, it inflicts extra damage on
   living creatures.
   It affects your strength (+3).
   It affects your dexterity (+8).
   It protects you from fire.
   It will be destroyed if unequipped.
Missiles
 l - 6 curare-tipped darts
 A - 17 datura-tipped darts
 B - 10 javelins
 C - a throwing net
 P - 4 silver boomerangs
 Q - 23 boomerangs (quivered)
 R - 17 boomerangs of dispersal
 U - 19 silver javelins
 V - 24 atropa-tipped darts
Armour
 g - a +2 pair of gloves (worn)
 m - a +2 pair of boots of stealth (worn)
 u - a +0 tower shield (worn)
 J - +6 gold dragon scales (worn)
 L - a scarf of shadows (worn)
 S - the +2 hood of the Assassin (worn) {Detection Stab+ Stlth++}
   (You found it on level 3 of the Elven Halls)

   It makes you much more stealthy.
Jewellery
 p - the ring "Matius" (right hand) {+Inv rN+ Str+2 Stlth-}
   (You found it on level 4 of the Vaults)

   [ring of attention]

   It affects your strength (+2).
   It protects you from negative energy.
   It lets you turn invisible.
   It makes you less stealthy.
 t - the ring of Robustness (left hand) {AC+8}
   (You bought it in a shop on level 3 of the Elven Halls)

   [ring of protection]

   It affects your AC (+8).
 v - the amulet of Beogh's Grace (around neck) {Faith rElec rC+}
   (You found it on level 5 of the Vaults)

   [amulet of faith]

   It allows you to gain divine favour quickly.
   It protects you from cold.
   It insulates you from electricity.
 O - the ring "Giutef" {rElec EV+4 Str+2 Dex-3 SInv}
   (You acquired it on level 5 of the Vaults)

   [ring of evasion]

   It affects your evasion (+4).
   It affects your strength (+2).
   It affects your dexterity (-3).
   It insulates you from electricity.
   It lets you see invisible.
Wands
 b - a wand of disintegration (37)
 c - a wand of paralysis (57)
 y - a wand of digging (7)
 D - a wand of iceblast (62)
 G - a wand of acid (28)
 I - a wand of enslavement (42)
 X - a wand of polymorph (59)
Scrolls
 e - 28 scrolls of teleportation
 k - 22 scrolls of remove curse
 n - 8 scrolls of identify
 q - 8 scrolls of blinking
 r - 3 scrolls of fear
 s - 9 scrolls of magic mapping
 x - 4 scrolls of summoning
 T - a scroll of fog
 W - 5 scrolls of silence
Potions
 a - 7 potions of might
 d - 19 potions of curing
 h - 3 potions of cancellation
 w - 4 potions of resistance
 z - 7 potions of haste
 E - 3 potions of mutation
 M - a potion of berserk rage
 N - 3 potions of ambrosia
Miscellaneous
 f - a tin of tremorstones (2/2)
 i - a phantom mirror
 j - a box of beasts
 F - a condenser vane
 H - a lightning rod (4/4)


   Skills:
 - Level 16.0 Fighting
 - Level 14.0 Short Blades
 - Level 16.0 Throwing
 - Level 13.0 Armour
 - Level 12.0 Dodging
 - Level 21.0 Stealth
 - Level 17.0 Shields
 + Level 14.7 Necromancy
 - Level 18.0 Invocations
 + Level 11.0 Evocations


You had 13 spell levels left.
You knew the following spells:

 Your Spells              Type           Power        Failure   Level
a - Blink                 Tloc           N/A          100%        2
b - Passage of Golubria   Tloc           N/A          100%        4
c - Animate Dead          Necr           ##........   50%         4
d - Passwall              Tmut/Erth      #.......     100%        2
z - Animate Skeleton      Necr           ##....       6%          1

Your spell library contained the following spells:

 Spells                   Type           Power        Failure   Level
 Pain                     Necr           ##..         6%          1
 Sublimation of Blood     Necr           ##........   9%          2
 Vampiric Draining        Necr           ##........   17%         3
 Dispel Undead            Necr           ##......     50%         4
 Agony                    Necr           ##......     85%         5
 Excruciating Wounds      Necr           ##........   85%         5
 Corpse Rot               Necr/Air       N/A          88%         2
 Apportation              Tloc           #.....       100%        1
 Beastly Appendage        Tmut           #.....       100%        1
 Corona                   Hex            #......      100%        1
 Foxfire                  Conj/Fire      #...         100%        1
 Freeze                   Ice            #...         100%        1
 Magic Dart               Conj           #...         100%        1
 Sandblast                Erth           #.....       100%        1
 Shock                    Conj/Air       #...         100%        1
 Sting                    Tmut/Pois      #...         100%        1
 Summon Small Mammal      Summ           #...         100%        1
 Call Imp                 Summ           #.......     100%        2
 Ensorcelled Hibernation  Hex/Ice        #.....       100%        2
 Poisonous Vapours        Pois/Air       #.....       100%        2
 Searing Ray              Conj           #.....       100%        2
 Slow                     Hex            #.......     100%        2
 Swiftness                Air            #.......     100%        2
 Wereblood                Tmut           #.......     100%        2
 Call Canine Familiar     Summ           #.......     100%        3
 Confusing Touch          Hex            #.......     100%        3
 Conjure Flame            Conj/Fire      #.......     100%        3
 Dazzling Flash           Conj/Hex       #.....       100%        3
 Gell's Gravitas          Tloc           #.........   100%        3
 Ignite Poison            Fire/Tmut/Pois #.......     100%        3
 Inner Flame              Hex/Fire       #.......     100%        3
 Lesser Beckoning         Tloc           #.........   100%        3
 Mephitic Cloud           Conj/Pois/Air  #.......     100%        3
 Portal Projectile        Hex/Tloc       #.....       100%        3
 Spider Form              Tmut/Pois      #.........   100%        3
 Static Discharge         Conj/Air       #.......     100%        3
 Stone Arrow              Conj/Erth      #.....       100%        3
 Summon Guardian Golem    Hex/Summ       #.......     100%        3
 Teleport Other           Tloc           #.......     100%        3
 Tukima's Dance           Hex            #.......     100%        3
 Airstrike                Air            #.........   100%        4
 Cause Fear               Hex            #.........   100%        4
 Fulminant Prism          Conj/Hex       #.........   100%        4
 Hailstorm                Conj/Ice       #.......     100%        4
 Ice Form                 Ice/Tmut       #.......     100%        4
 Iskenderun's Mystic Bla  Conj/Tloc      #.......     100%        4
 Leda's Liquefaction      Hex/Erth       #.........   100%        4
 Petrify                  Tmut/Erth      #.......     100%        4
 Sticky Flame             Conj/Fire      #.......     100%        4
 Summon Ice Beast         Ice/Summ       #.......     100%        4
 Summon Lightning Spire   Summ/Air       #.......     100%        4
 Alistair's Intoxication  Tmut/Pois      #........    100%        5
 Blade Hands              Tmut           #.........   100%        5
 Bolt of Magma            Conj/Fire/Erth #.........   100%        5
 Borgnjor's Vile Clutch   Necr/Erth      #.........   100%        5
 Fireball                 Conj/Fire      #.........   100%        5
 Irradiate                Conj/Tmut      #.........   100%        5
 Iskenderun's Battlesphe  Conj           #.......     100%        5
 Lee's Rapid Deconstruct  Erth           #.........   100%        5
 Lightning Bolt           Conj/Air       #.........   100%        5
 Metabolic Englaciation   Hex/Ice        #.........   100%        5
 Silence                  Hex/Air        #.........   100%        5
 Summon Mana Viper        Hex/Summ       #.......     100%        5
 Yara's Violent Unravell  Hex/Tmut       #.........   100%        5
 Conjure Ball Lightning   Conj/Air       #.........   100%        6
 Death Channel            Necr           ##........   100%        6
 Dispersal                Tloc           #.........   100%        6
 Eringya's Noxious Bog    Tmut/Pois      #.........   100%        6
 Freezing Cloud           Conj/Ice/Air   #.........   100%        6
 Hydra Form               Tmut           #.........   100%        6
 Iron Shot                Conj/Erth      #.........   100%        6
 Ozocubu's Refrigeration  Ice            #.........   100%        6
 Simulacrum               Ice/Necr       #.........   100%        6
 Statue Form              Tmut/Erth      #........    100%        6
 Dragon Form              Tmut           #.........   100%        7
 Malign Gateway           Summ/Tloc      #.........   100%        7
 Monstrous Menagerie      Summ           #.........   100%        7
 Orb of Destruction       Conj           #.........   100%        7
 Spellforged Servitor     Conj/Summ      #.........   100%        7
 Summon Greater Demon     Summ           #.........   100%        7
 Chain Lightning          Conj/Air       #.........   100%        8
 Disjunction              Tloc           #.........   100%        8
 Lehudib's Crystal Spear  Conj/Erth      #.........   100%        8
 Summon Horrible Things   Summ           #.........   100%        8
 Absolute Zero            Ice            #.........   100%        9
 Dragon's Call            Summ           #.........   100%        9
 Fire Storm               Conj/Fire      #.........   100%        9
 Shatter                  Erth           #.........   100%        9
 Tornado                  Air            #.........   100%        9


Dungeon Overview and Level Annotations

Branches:
Dungeon (15/15)            Temple (1/1) D:5            Lair (6/6) D:8
  Swamp (4/4) Lair:3       Spider (4/4) Lair:2        Slime (5/5) Lair:5
    Orc (2/2) D:12            Elf (3/3) Orc:2        Vaults (5/5) D:13
  Crypt (0/3) Vaults:2     Depths (5/5) D:15            Zot (1/5) Depths:5
  IceCv (visited)         Gauntlet (visited)

Altars:
Ashenzari
Cheibriados
Dithmenos
Elyvilon
Fedhas
Gozag
Hepliaklqana
Kikubaaqudgha
Makhleb
Nemelex Xobeh
Okawaru
Qazlal
Ru
Sif Muna
Trog
Uskayaw
Vehumet
Wu Jian
Xom
Yredelemnul
Zin
The Shining One
Beogh
Jiyva

Shops:
D:11 *   D:13 !   Orc:1 :   Orc:2 *[((   Elf:1 =   Elf:3 =}=   Swamp:1 *
Vaults:1 }   Vaults:5 }([*   Depths:2 (*   Depths:5 [::}

Portals:
Hell: Depths:1 Depths:2 Depths:3 Depths:5
Abyss: Depths:3 Depths:4
Pandemonium: Depths:3 Depths:5
Ziggurat: Depths:1

Annotations:
Depths:5 3 runed translucent doors


Innate Abilities, Weirdness & Mutations

You have razor-sharp teeth.
You heal very quickly.
When hurt, damage is shared between your health and your magic reserves.
Your bite disrupts and absorbs the magic of your enemies.
Potions cannot restore your health.
You are immune to rotting.
Scrolls take you a little longer to read.
Your mind is acute. (Int +2)
Your system is resistant to poisons. (rPois)


Message History

You are no longer corroded.
You block the quicksilver dragon's attack.
The quicksilver dragon claws you but does no damage.
The acid blob spits acid at you.
The splash of acid hits you but does no damage.
You are splashed with acid!
* * * LOW HITPOINT WARNING * * *
You can no longer pass through a line of other dancers.
Unknown command.
Unknown command.
Unknown command.
Really read with blurry vision while enemies are nearby?
The quicksilver dragon breathes dispelling energy at you.
The bolt of dispelling energy hits you!!
* * * LOW HITPOINT WARNING * * *
You hear a roar!
You begin reading the scroll.
You continue reading the scroll.
The quicksilver dragon breathes dispelling energy at you.
The bolt of dispelling energy hits you!!
You die...

##...##....##...#.
.##...###.....##..##
#......:...[........#
.....!...........#...
.#........#........##.
..
...{.#....#.......#. #
#.#.#.###.....##.....#
.....##.....### ###..#
.#.#.###D@#### ##.
......#.J###...d .#.
.#.#.#..###d{.. #.#
........⌠#.... { ..
#.#.#.#.{##...# #.
..[......#...# .
........##.).#{ #
......#.#.).# {{ {{#
........')).# {{#


You could see an acid blob and a quicksilver dragon (catching breath).

Vanquished Creatures
  the Royal Jelly (Slime:5)
  An ancient lich (Depths:1)
  A juggernaut (Depths:5)
  Saint Roka (Orc:2)
  7 golden dragons
  A caustic shrike (Depths:4)
  Nikola (Swamp:3)
  Jory (Vaults:5)
  A bone dragon (Depths:5)
  An electric golem (Zot:1)
  Jorgrun (Swamp:2)
  4 deep elf blademasters (Elf:3)
  9 liches
  7 tentacled monstrosities
  2 deep elf master archers (Elf:3)
  A quicksilver dragon (Zot:1)
  14 acid blobs
  Frances (Elf:1)
  7 titans
  7 sphinxes
  4 tentacled starspawn
  3 thorn hunters
  Kirke (Spider:2)
  2 draconian monks (Zot:1)
  4 shadow dragons
  6 tengu reavers
  5 storm dragons
  The ghost of Vochiuc the Eclecticist, an adept DEFE of Vehumet (D:15)
  7 fire giants
  7 frost giants
  8 azure jellies
  A draconian knight (Zot:1)
  20 vault wardens
  3 iron dragons
  12 deep elf sorcerers
  2 cacodemons (Abyss:2)
  4 ghost moths
  3 draconian annihilators
  Aizul (Swamp:4)
  3 draconian stormcallers
  3 emperor scorpions (Spider:4)
  Louise (D:15)
  4 deep elf elementalists (Elf:3)
  3 draconian scorchers
  4 draconian shifters
  2 entropy weavers (Vaults:3)
  15 ironheart preservers
  5 war gargoyles (Vaults:5)
  5 green draconians
  25 stone giants
  An entropy weaver (shapeshifter) (Vaults:5)
  15 very ugly things
  4 deep elf demonologists
  2 black draconians (Zot:1)
  5 purple draconians
  16 deep elf annihilators
  Azrael (Elf:1)
  A minotaur (Gauntlet)
  6 spark wasps
  2 vampire knights
  7 red draconians (Depths:5)
  9 yellow draconians
  2 white draconians (Depths:5)
  A dire elephant (D:15)
  6 deep elf death magi
  5 bunyips
  3 eleionomae
  A merfolk javelineer (Depths:4)
  4 ettins
  9 death oozes
  7 fire dragons
  20 yaktaur captains
  44 slime creatures
  Erolcha (D:11)
  4 deep elf high priests (Elf:3)
  9 great orbs of eyes
  26 hydras
  11 ice dragons
  14 boulder beetles
  9 rakshasas
  30 vault guards
  2 ghost crabs
  Harold (Lair:1)
  4 spriggan air magi
  A death knight (D:13)
  46 two-headed ogres
  A satyr (Abyss:3)
  11 centaur warriors
  11 alligators
  A death yak (IceCv)
  7 deep troll shamans
  A vampire mage (Depths:4)
  A titan zombie (Abyss:2)
  8 tengu warriors
  Urug (Lair:2)
  2 orc high priests (Orc:2)
  15 ogre magi
  35 dancing weapons
  7 deep troll earth magi
  7 spriggan berserkers
  19 deep elf knights
  A hell knight (Depths:4)
  5 thrashing horrors
  3 goliath frogs
  A sun demon (Depths:5)
  13 skeletal warriors
  2 sixfirhies (Abyss:2)
  3 shadow wraiths
  5 wretched stars
  3 unseen horrors
  A salamander mystic (Depths:5)
  An unseen horror (shapeshifter) (Vaults:4)
  3 iron trolls
  A death drake (shapeshifter) (Vaults:3)
  5 glowing orange brains
  5 bog bodies
  A death drake (Abyss:3)
  3 flayed ghosts
  2 spatial maelstroms (Abyss:2)
  A swamp dragon (shapeshifter) (Vaults:5)
  A wizard (Vaults:2)
  A lindwurm (shapeshifter) (Vaults:5)
  4 spriggan druids
  Pikel (D:8)
  10 swamp dragons
  34 deep trolls
  10 ironbrand convokers
  19 deep elf archers
  5 harpies (Elf:2)
  5 phantasmal warriors
  2 necromancers
  14 orb spiders
  14 orc knights
  6 orc sorcerers
  54 ugly things
  An oklob plant (Lair:5)
  A sphinx zombie (Vaults:2)
  3 salamanders
  26 wolf spiders
  A shining eye (Slime:4)
  76 deep elf magi
  A will-o-the-wisp (Swamp:2)
  A tengu skeleton (Vaults:4)
  2 cyclopes
  A frost giant zombie (Vaults:4)
  10 manticores
  3 apocalypse crabs
  11 moths of wrath
  3 elephants (Lair:5)
  A moth of wrath (shapeshifter) (Depths:1)
  2 worldbinders (Abyss:3)
  17 vault sentinels
  Joseph (D:9)
  An elephant (shapeshifter) (Vaults:5)
  3 torpor snails
  An orange demon (Abyss:2)
  A stone giant skeleton (Vaults:2)
  2 guardian serpents (shapeshifter) (Depths:5)
  3 eyes of devastation
  A naga mage (Depths:1)
  An ice statue (IceCv)
  2 smoke demons
  An eye of devastation (shapeshifter) (Vaults:5)
  7 black mambas
  A gargoyle (D:12)
  14 cane toads
  7 blink frogs (Lair:4)
  3 rime drakes
  A storm dragon simulacrum (Vaults:2)
  A rime drake (shapeshifter) (Vaults:1)
  A human zombie (Vaults:2)
  A kobold demonologist (D:15)
  8 komodo dragons
  68 yaktaurs
  6 tengu conjurers
  4 freezing wraiths
  A yaktaur (shapeshifter) (Vaults:3)
  A tormentor (Depths:5)
  A yaktaur zombie (Vaults:4)
  2 ice devils (D:15)
  3 demonic crawlers
  4 ancient zymes
  7 meliai
  A hellwing (Depths:5)
  A queen bee (Spider:3)
  27 jumping spiders
  8 trolls
  A polar bear (shapeshifter) (Vaults:1)
  A harpy zombie (Abyss:2)
  34 hornets
  22 polar bears
  A wolf spider simulacrum (Gauntlet)
  A slime creature (shapeshifter) (Vaults:5)
  5 raiju
  A harpy skeleton (D:14)
  8 tyrant leeches
  A dream sheep (Lair:6)
  A raiju (shapeshifter) (Vaults:2)
  A dream sheep (shapeshifter) (Vaults:5)
  A flying skull (Abyss:3)
  4 small abominations
  66 redbacks
  A tarantella (shapeshifter) (Vaults:5)
  5 air elementals
  4 shadows
  6 water elementals
  30 spriggans
  A hog (Spider:2)
  6 wyverns
  4 basilisks
  18 tarantellas
  2 centaur simulacra
  A hog (shapeshifter) (Vaults:1)
  5 wraiths
  2 ynoxinuls
  4 fire elementals
  34 yaks
  A neqoxec (Abyss:2)
  A fire bat (Abyss:2)
  10 vampire mosquitoes
  11 large abominations
  19 swamp worms
  5 wargs
  A spatial vortex (Abyss:2)
  A yaktaur simulacrum (Vaults:3)
  5 acid dragons
  7 hell hounds
  A swamp worm (shapeshifter) (Vaults:5)
  A water moccasin (shapeshifter) (Vaults:2)
  20 water moccasins
  2 floating eyes
  7 swamp drakes
  6 ice beasts
  2 black bears (shapeshifter)
  3 black bears
  3 sky beasts
  10 starcursed masses
  40 orc warriors
  A black mamba simulacrum (Abyss:2)
  53 wolves
  27 centaurs
  3 eyes of draining
  26 ogres
  A phantom (D:11)
  18 boggarts
  A lemure (D:8)
  19 bullfrogs
  Blork the orc (D:5)
  2 earth elementals
  2 wyvern zombies (D:13)
  A deep troll simulacrum (Vaults:2)
  A cane toad simulacrum (Gauntlet)
  5 scorpions
  A wyvern skeleton (D:14)
  19 killer bees
  A human simulacrum (Vaults:2)
  22 wights
  2 howler monkeys (D:11)
  3 electric eels
  2 bullfrog zombies
  3 quasits
  7 centaur zombies
  13 jellies
  22 orc priests
  5 hounds
  An iron imp (Depths:3)
  38 orc wizards
  2 bullfrog skeletons
  8 centaur skeletons
  5 iguanas
  11 worker ants
  A bullfrog simulacrum (Gauntlet)
  2 hound zombies
  4 hound skeletons
  2 worker ant zombies
  Robin (D:2)
  12 adders
  3 white imps
  2 ufetubi
  2 oozes
  2 adder skeletons
  4 worms
  7 leopard geckos
  131 orcs
  3 giant cockroaches
  23 goblins
  5 hobgoblins
  11 jackals
  9 quokkas
  A ball python skeleton (D:6)
  4 bats
  4 frilled lizards
  A jackal zombie (D:8)
  5 kobolds
  A leopard gecko skeleton (D:6)
  5 rats
  A crawling corpse (Depths:5)
  A lurking horror (Abyss:2)
  4 starspawn tentacles
2287 creatures vanquished.

Vanquished Creatures (collateral kills)
  A deep elf death mage (Elf:3)
  An orc wizard (D:12)
2 creatures vanquished.

Vanquished Creatures (others)
  A deep elf sorcerer (Elf:3)
  A deep elf elementalist (Elf:3)
  A yellow draconian (Zot:1)
  A deep elf high priest (Elf:3)
  A hydra (Elf:2)
  A ghost crab (Swamp:2)
  A deep troll (Depths:5)
  2 yaktaurs
  2 bloated husks
  A slime creature (Vaults:3)
  A blink frog (Lair:4)
  An air elemental (Elf:3)
  2 spriggans
  A ynoxinul (Depths:5)
  A basilisk (Lair:2)
  2 ogres (Depths:1)
  An adder (D:11)
  A crawling corpse (Depths:5)
  A demonic plant (Abyss:2)
  7 foxfires (Swamp:2)
  18 fungi
  A lurking horror (Abyss:3)
  54 plants
  7 starspawn tentacles
  A withered plant (Gauntlet)
111 creatures vanquished.

Grand Total: 2400 creatures vanquished

Notes
Turn   | Place    | Note
-------+----------+-------------------------------------------
     0 | D:1      | mandarbmax the Vine Stalker Fighter began the quest for the
                  | Orb.
     0 | D:1      | Reached XP level 1. HP: 11/11 MP: 2/2
   258 | D:1      | Reached XP level 2. HP: 16/16 MP: 3/3
   865 | D:2      | Noticed Robin
   885 | D:1      | Reached XP level 3. HP: 14/19 MP: 4/4
  1045 | D:2      | Killed Robin
  1517 | D:2      | Gained mutation: Your natural rate of healing is unusually
                  | fast. [Vine Stalker growth]
  1517 | D:2      | Reached XP level 4. HP: 24/24 MP: 5/5
  1700 | D:2      | Found a shadowy altar of Dithmenos.
  1980 | D:3      | Found a shimmering blue altar of Sif Muna.
  2204 | D:3      | Reached XP level 5. HP: 19/28 MP: 6/6
  2270 | D:3      | Found a burning altar of Makhleb.
  2358 | D:3      | Found a glowing golden altar of the Shining One.
  2902 | D:4      | Noticed an ice beast
  2925 | D:4      | Killed an ice beast
  2925 | D:4      | Reached skill level 5 in Short Blades
  2925 | D:4      | Reached XP level 6. HP: 9/32 MP: 1/7
  2930 | D:4      | Found a glowing golden altar of the Shining One.
  3200 | D:4      | Found a sparkling altar of Nemelex Xobeh.
  3312 | D:4      | Reached skill level 1 in Evocations
  3666 | D:4      | Reached XP level 7. HP: 31/36 MP: 5/8
  3767 | D:5      | Entered Level 5 of the Dungeon
  3877 | D:5      | Found a shimmering altar of Xom.
  3917 | D:5      | Found a staircase to the Ecumenical Temple.
  3928 | Temple   | Entered the Ecumenical Temple
  3976 | Temple   | Became a worshipper of Uskayaw the Reveler
  4015 | D:5      | Reached * piety under Uskayaw
  4029 | D:5      | Reached ** piety under Uskayaw
  4239 | D:5      | Noticed Blork the orc
  4252 | D:5      | Killed Blork the orc
  4284 | D:5      | Gained mutation: You have razor-sharp teeth. [Vine Stalker
                  | growth]
  4284 | D:5      | Reached XP level 8. HP: 28/40 MP: 6/9
  4337 | D:5      | Reached *** piety under Uskayaw
  4378 | D:5      | Found a basalt altar of Yredelemnul.
  4599 | D:5      | Reached skill level 1 in Invocations
  5320 | D:6      | Found a glowing silver altar of Zin.
  5511 | D:7      | Reached skill level 5 in Evocations
  5519 | D:7      | Reached **** piety under Uskayaw
  5627 | D:7      | Reached XP level 9. HP: 40/44 MP: 9/12
  5727 | D:7      | Found an ornate altar of the Wu Jian Council.
  5835 | D:7      | Found a broken altar of Ashenzari.
  6131 | D:8      | Noticed Pikel
  6166 | D:8      | Killed Pikel
  6306 | D:8      | Reached skill level 5 in Invocations
  6312 | D:8      | Found an opulent altar of Gozag.
  6411 | D:8      | Found a staircase to the Lair.
  6548 | D:8      | Found a snail-covered altar of Cheibriados.
  6600 | D:8      | Upgraded the game from 0.26-a0-739-gf55cbd344a to
                  | 0.26-a0-752-gcff87cac9a
  6915 | D:9      | Reached XP level 10. HP: 49/49 MP: 15/15
  7132 | D:9      | Found a sacrificial altar of Ru.
  7188 | D:9      | Noticed a two-headed ogre
  7198 | D:9      | Killed a two-headed ogre
  7198 | D:9      | Reached skill level 10 in Short Blades
  7396 | D:9      | Noticed a two-headed ogre
  7404 | D:9      | Killed a two-headed ogre
  7506 | D:9      | Noticed Joseph
  7533 | D:9      | Killed Joseph
  7622 | D:9      | Found an iron altar of Okawaru.
  7831 | D:10     | Entered Level 10 of the Dungeon
  8091 | D:10     | Reached skill level 1 in Stealth
  8151 | D:10     | Reached skill level 2 in Stealth
  8156 | D:10     | Reached skill level 3 in Stealth
  8598 | D:10     | Found a stormy altar of Qazlal.
  8710 | Lair:1   | Entered Level 1 of the Lair of Beasts
  8710 | Lair:1   | Noticed an eight-headed hydra
  8729 | Lair:1   | Killed an eight-headed hydra
  8729 | Lair:1   | Reached skill level 4 in Stealth
  8729 | Lair:1   | Reached XP level 11. HP: 41/52 MP: 16/16
  8859 | Lair:1   | Reached skill level 5 in Stealth
  8892 | Lair:1   | Noticed a six-headed hydra
  8899 | Lair:1   | Reached skill level 5 in Throwing
  8899 | Lair:1   | Reached ***** piety under Uskayaw
  8902 | Lair:1   | Killed a six-headed hydra
  8902 | Lair:1   | Reached skill level 6 in Stealth
  9024 | Lair:1   | Noticed Harold
  9043 | Lair:1   | Killed Harold
  9750 | Lair:2   | Noticed an eight-headed hydra
  9759 | Lair:2   | Reached skill level 7 in Stealth
  9775 | Lair:2   | Killed an eight-headed hydra
  9954 | Lair:2   | Noticed a boulder beetle
  9959 | Lair:2   | Reached skill level 8 in Stealth
 10104 | Lair:2   | Killed a boulder beetle
 10104 | Lair:2   | Gained mutation: You heal very quickly. [Vine Stalker
                  | growth]
 10104 | Lair:2   | Reached XP level 12. HP: 46/56 MP: 11/17
 10253 | Lair:2   | Noticed Urug
 10258 | Lair:2   | Found a hole to the Spider Nest.
 10271 | Lair:2   | Killed Urug
 10858 | Lair:3   | Found a staircase to the Swamp.
 10984 | Lair:3   | Noticed a fire dragon
 11010 | Lair:3   | Killed a fire dragon
 11752 | Lair:4   | Reached skill level 5 in Fighting
 11752 | Lair:4   | Reached skill level 5 in Shields
 12057 | Lair:4   | Noticed a boulder beetle
 12072 | Lair:4   | Killed a boulder beetle
 12099 | Lair:4   | Noticed an eight-headed hydra
 12153 | Lair:4   | Killed an eight-headed hydra
 12260 | Lair:4   | Identified Sif Muna's Tome of Malediction and Conjuration
 12288 | Lair:4   | Reached XP level 13. HP: 54/65 MP: 12/18
 12945 | Lair:5   | Got a heavily runed ring mail
 12974 | Lair:4   | Identified the +5 ring mail of Starshine {+Blink rF+ Str-5
                  | Dex+2} (You found it on level 5 of the Lair of Beasts)
 13131 | Lair:5   | Reached ****** piety under Uskayaw
 13198 | Lair:5   | Found a staircase to the Slime Pits.
 13198 | Lair:5   | Found a viscous altar of Jiyva.
 13629 | Lair:5   | Identified a scroll of acquirement
 13629 | Lair:5   | Acquired the +6 quick blade "Qocyopasm" {pain, Fragile rF+
                  | Str+3 Dex+8}
 13635 | Lair:5   | Learned a level 1 spell: Animate Skeleton
 14159 | Lair:6   | Entered Level 6 of the Lair of Beasts
 14708 | Lair:6   | Reached skill level 1 in Necromancy
 15153 | Lair:6   | Paralysed by a hornet for 1 turns
 15189 | Lair:6   | Reached XP level 14. HP: 58/73 MP: 20/20
 15646 | D:11     | Found a gate leading to a gauntlet.
 15655 | Gauntlet | Entered a Gauntlet
 15655 | Gauntlet | Found a transporter.
 15655 | Gauntlet | Found a transporter.
 15668 | Gauntlet | Found a transporter.
 15684 | Gauntlet | Found a transporter.
 15684 | Gauntlet | Found a transporter.
 15686 | Gauntlet | Found a transporter.
 15687 | Gauntlet | Found a transporter.
 15687 | Gauntlet | Found a transporter.
 15687 | Gauntlet | Identified the amulet of Pivantue {Spirit Str+4 Int+6}
 15699 | Gauntlet | Found a transporter.
 15715 | Gauntlet | Found a transporter.
 15724 | Gauntlet | Found a runed translucent gate.
 15725 | Gauntlet | Found a transporter.
 15725 | Gauntlet | Found a runed translucent gate.
 15726 | Gauntlet | Found a runed translucent gate.
 15728 | Gauntlet | Noticed an entropy weaver
 15739 | Gauntlet | Found a transporter.
 15762 | Gauntlet | Found a transporter.
 15773 | Gauntlet | Found a transporter.
 16167 | Gauntlet | Reached skill level 5 in Necromancy
 16235 | Gauntlet | Got a fine chain mail
 16235 | Gauntlet | Got a slimy kite shield
 16247 | Gauntlet | Identified the +8 chain mail of Hiokhle {MR++} (You found
                  | it in a Gauntlet)
 16257 | Gauntlet | Identified the +0 kite shield "Acuidu" {Rampage} (You found
                  | it in a Gauntlet)
 16361 | D:11     | Found Xajuxaef's Assorted Antiques.
 16375 | D:11     | Bought a wooden ring for 155 gold pieces
 16458 | D:11     | Noticed Erolcha
 16467 | D:11     | Killed Erolcha
 16878 | D:11     | Noticed Sonja
 16883 | D:11     | Noticed Sonja
 16883 | D:11     | Sonja changed into Sonja the wyvern
 16888 | D:11     | Killed Sonja the wyvern
 17425 | D:12     | Learned a level 2 spell: Blink
 17430 | D:12     | Learned a level 4 spell: Passage of Golubria
 17435 | D:12     | Learned a level 4 spell: Animate Dead
 17534 | D:12     | Acquired 1291 gold pieces
 17816 | D:12     | Found a shimmering blue altar of Sif Muna.
 17906 | D:12     | Found a staircase to the Orcish Mines.
 17941 | Orc:1    | Entered Level 1 of the Orcish Mines
 18243 | D:12     | Reached skill level 10 in Invocations
 18347 | D:12     | Acquired an uncursed ring of protection from magic
 18446 | Orc:1    | Found Pentie's Book Boutique.
 18511 | Orc:1    | Found a roughly hewn altar of Beogh.
 18803 | Orc:2    | Entered Level 2 of the Orcish Mines
 18906 | Orc:2    | Found a roughly hewn altar of Beogh.
 19109 | Orc:2    | Found a staircase to the Elven Halls.
 19165 | Orc:2    | Found a roughly hewn altar of Beogh.
 19168 | Orc:2    | Found Mysm's Antique Weapon Emporium.
 19326 | Orc:2    | Found a roughly hewn altar of Beogh.
 19358 | Orc:2    | Found a roughly hewn altar of Beogh.
 19398 | Orc:2    | Found a roughly hewn altar of Beogh.
 19433 | Orc:2    | Noticed Saint Roka
 19434 | Orc:2    | Reached skill level 9 in Stealth
 19437 | Orc:2    | Found Xaps's Antique Weapon Shop.
 19452 | Orc:2    | Killed Saint Roka
 19452 | Orc:2    | Reached skill level 10 in Stealth
 19452 | Orc:2    | Reached XP level 15. HP: 58/77 MP: 23/23
 19452 | Orc:2    | Found a roughly hewn altar of Beogh.
 19452 | Orc:2    | Found Duhedon's Antique Armour Boutique.
 19596 | Orc:2    | Found a roughly hewn altar of Beogh.
 19613 | Orc:2    | Found Unlulom's Assorted Antiques.
 19620 | Orc:2    | Bought a scroll of summoning for 380 gold pieces
 19620 | Orc:2    | Bought a scroll of magic mapping for 140 gold pieces
 19620 | Orc:2    | Bought a scroll of enchant armour for 300 gold pieces
 19620 | Orc:2    | Bought a scroll of blinking for 300 gold pieces
 19729 | Elf:1    | Entered Level 1 of the Elven Halls
 19874 | Elf:1    | Noticed Frances
 19886 | Elf:1    | Killed Frances
 19886 | Elf:1    | Reached skill level 11 in Stealth
 19945 | Elf:1    | Reached skill level 10 in Necromancy
 20062 | Elf:1    | Noticed a deep elf sorcerer
 20078 | Elf:1    | Killed a deep elf sorcerer
 20078 | Elf:1    | Reached skill level 12 in Stealth
 20091 | Elf:1    | Noticed Azrael
 20092 | Elf:1    | Reached skill level 1 in Dodging
 20127 | Elf:1    | Killed Azrael
 20382 | Elf:1    | Found a shimmering blue altar of Sif Muna.
 20457 | Elf:1    | Found Simpu's Jewellery Shoppe.
 21142 | Elf:2    | Reached skill level 5 in Armour
 21171 | Elf:2    | Reached XP level 16. HP: 81/81 MP: 24/24
 21549 | Elf:2    | Found a huge runed translucent gate.
 21549 | Elf:2    | Found a huge runed translucent gate.
 21549 | Elf:2    | Found a huge runed translucent gate.
 21549 | Elf:2    | Found a huge runed translucent gate.
 21550 | Elf:2    | Found a huge runed translucent gate.
 21731 | Elf:2    | Reached skill level 5 in Dodging
 21749 | Elf:2    | Reached skill level 10 in Shields
 22382 | Elf:2    | Noticed a sphinx
 22382 | Elf:2    | Noticed a sphinx
 22391 | Elf:2    | Killed a sphinx
 22408 | Elf:2    | Killed a sphinx
 22481 | Elf:3    | Entered Level 3 of the Elven Halls
 22530 | Elf:3    | Reached XP level 17. HP: 75/85 MP: 25/25
 22536 | Elf:3    | Noticed a deep elf blademaster
 22547 | Elf:3    | Killed a deep elf blademaster
 22553 | Elf:3    | Noticed a deep elf master archer
 22830 | Elf:3    | Noticed a deep elf blademaster
 22838 | Elf:3    | Killed a deep elf blademaster
 23070 | Elf:3    | Found Fyczis's Jewellery Shoppe.
 23070 | Elf:3    | Found Nathredu's Gadget Shop.
 23071 | Elf:3    | Found Tuwesyn's Jewellery Shoppe.
 23080 | Elf:3    | Bought the amulet of Equivalence {Faith Int+5} for 1035
                  | gold pieces
 23080 | Elf:3    | Bought the ring "Veuphiva" {rElec rN+ Str+3 Int-2} for 649
                  | gold pieces
 23408 | Elf:3    | Noticed a deep elf blademaster
 23416 | Elf:3    | Noticed a deep elf blademaster
 23426 | Elf:3    | Killed a deep elf blademaster
 23427 | Elf:3    | Killed a deep elf blademaster
 23434 | Elf:3    | Reached XP level 18. HP: 42/90 MP: 14/28
 23435 | Elf:3    | Identified the +9 quarterstaff of Tumult {elec, rN++}
 23435 | Elf:3    | Identified the cursed ring "Jabaiff" {rPois AC-4 Dex-5
                  | Stlth+}
 23436 | Elf:3    | Found the +6 lightning scales {run, rElec}
 23469 | Elf:3    | Identified Xazofadgh's Advanced Steps in Spellcraft
 23481 | Elf:3    | Got an ancient ivory ring
 23499 | Elf:3    | Identified the ring "Ruwimon" {+Fly Dex+4} (You found it on
                  | level 3 of the Elven Halls)
 23532 | Elf:3    | Noticed a deep elf master archer
 23547 | Elf:3    | Killed a deep elf master archer
 23804 | Elf:3    | Identified Gairuuk's Compendium of Poison and the Mountains
 23820 | Elf:3    | Learned a level 2 spell: Passwall
 23829 | Elf:3    | Found the +2 hood of the Assassin {Detection Stab+ Stlth++}
 23883 | Elf:3    | Got a spiked chain mail
 23885 | Elf:3    | Identified the +7 chain mail "Taomil" {+Fly SInv} (You
                  | found it on level 3 of the Elven Halls)
 23912 | Elf:3    | Identified the Compendium of Cloudy Arcane Weapons
 23921 | Elf:3    | Got a steaming garnet amulet
 23922 | Elf:3    | Identified the amulet "Tyzitirgh" {Faith rN+++ MP+9 Dex-2
                  | SInv} (You found it on level 3 of the Elven Halls)
 24182 | Elf:3    | Killed a deep elf master archer
 24182 | Elf:3    | Reached skill level 10 in Throwing
 24491 | Swamp:1  | Entered Level 1 of the Swamp
 24941 | Swamp:1  | Found Siat's Island Escapes.
 25089 | Swamp:1  | Bought a scroll of fog for 36 gold pieces
 25089 | Swamp:1  | Bought a scroll of blinking for 135 gold pieces
 25162 | Swamp:2  | Noticed Jorgrun
 25169 | Swamp:2  | Killed Jorgrun
 25315 | Swamp:2  | Identified the Incunabulum of Evil and Shape Shifting
 25436 | Swamp:2  | Reached skill level 13 in Stealth
 25915 | Swamp:3  | Found a burning altar of Makhleb.
 26043 | Swamp:3  | Acquired a manual of Armour
 26334 | Swamp:3  | Noticed Nikola
 26345 | Swamp:3  | Killed Nikola
 26392 | Swamp:4  | Entered Level 4 of the Swamp
 26414 | Swamp:4  | Identified the +4 leather armour of the Thistle {rF+ rC+
                  | Stlth-} (You found it on level 4 of the Swamp)
 26453 | Swamp:4  | Noticed Aizul
 26464 | Swamp:4  | Reached skill level 10 in Evocations
 26467 | Swamp:4  | Reached XP level 19. HP: 91/93 MP: 29/29
 26562 | Swamp:4  | Killed Aizul
 26577 | Swamp:4  | Reached skill level 14 in Stealth
 26876 | Swamp:4  | Reached skill level 10 in Armour
 27113 | Swamp:4  | Got a decaying rune of Zot
 27268 | Spider:1 | Entered Level 1 of the Spider Nest
 27919 | Spider:2 | Noticed Kirke
 27929 | Spider:2 | Killed Kirke
 27929 | Spider:2 | Reached skill level 15 in Stealth
 28974 | Spider:4 | Entered Level 4 of the Spider Nest
 29577 | Spider:4 | Reached XP level 20. HP: 97/98 MP: 31/31
 29914 | Spider:4 | Got a gossamer rune of Zot
 29916 | Spider:4 | Upgraded the game from 0.26-a0-752-gcff87cac9a to
                  | 0.26-a0-757-g626ac9e51a
 30412 | D:13     | Found Jacsoc's Distillery.
 30439 | D:13     | Bought a potion of cancellation for 112 gold pieces
 30439 | D:13     | Bought a potion of haste for 140 gold pieces
 30439 | D:13     | Bought a potion of cancellation for 112 gold pieces
 30579 | Elf:3    | Bought the ring of Robustness {AC+8} for 2304 gold pieces
 30579 | Elf:3    | Found the ring of Robustness {AC+8}
 30730 | D:13     | Found a gate to the Vaults.
 30792 | D:13     | Reached skill level 15 in Invocations
 32049 | D:15     | Entered Level 15 of the Dungeon
 32126 | D:15     | Found a frozen archway.
 32148 | IceCv    | Entered an ice cave
 32593 | D:15     | Found a runed translucent gate.
 32594 | D:15     | Found a runed translucent gate.
 32595 | D:15     | Found a runed translucent gate.
 32597 | D:15     | Noticed Vochiuc's ghost (adept DEFE)
 32617 | D:15     | Killed Vochiuc's ghost
 32627 | D:15     | Reached XP level 21. HP: 106/106 MP: 34/34
 32628 | D:15     | Reached skill level 16 in Stealth
 32628 | D:15     | Reached XP level 22. HP: 111/111 MP: 35/35
 32654 | D:15     | Reached skill level 10 in Fighting
 32855 | D:15     | Found a shimmering altar of Xom.
 32965 | D:15     | Found a staircase to the Depths.
 33151 | D:15     | Noticed Louise
 33166 | D:15     | Killed Louise
 33294 | Vaults:1 | Entered Level 1 of the Vaults
 33582 | Vaults:1 | Reached XP level 23. HP: 115/115 MP: 36/36
 34219 | Vaults:1 | Found Righ's Gadget Shop.
 34819 | Vaults:2 | Gained mutation: You are occasionally teleported next to
                  | monsters. [mutagenic glow]
 34985 | Vaults:2 | Found a staircase to the Crypt.
 34985 | Vaults:2 | Found a basalt altar of Yredelemnul.
 34986 | Vaults:2 | Found an ancient bone altar of Kikubaaqudgha.
 35308 | Vaults:2 | Reached skill level 10 in Dodging
 35899 | Vaults:3 | Reached skill level 17 in Stealth
 35980 | Vaults:3 | Reached XP level 24. HP: 120/120 MP: 36/36
 36213 | Vaults:3 | Reached skill level 18 in Stealth
 37178 | Vaults:4 | Found a flickering gateway to a bazaar.
 37645 | Bazaar   | Entered a bazaar
 37649 | Bazaar   | Found Talif's General Store.
 37670 | Bazaar   | Found Jurosiud's Weapon Boutique.
 37738 | Bazaar   | Found Imoas's Antique Weapon Shop.
 38342 | Vaults:4 | Found a transporter.
 38380 | Vaults:4 | Found a transporter.
 38799 | Vaults:4 | Got a wavering platinum ring
 38810 | Vaults:4 | Got a steaming amber ring
 38815 | Vaults:4 | Identified the ring of Asusehej {rC+ Int-4 Dex+3} (You
                  | found it on level 4 of the Vaults)
 38816 | Vaults:4 | Identified the ring "Matius" {+Inv rN+ Str+2 Stlth-} (You
                  | found it on level 4 of the Vaults)
 39259 | Vaults:5 | Entered Level 5 of the Vaults
 39268 | Vaults:5 | Reached skill level 19 in Stealth
 39614 | Vaults:5 | Found Vesasch's General Store.
 39656 | Vaults:5 | Got a silver rune of Zot
 39710 | Vaults:5 | Found Ogemur's Antique Weapon Shoppe.
 39711 | Vaults:5 | Found Plog's Gadget Shop.
 39718 | Vaults:5 | Reached XP level 25. HP: 84/128 MP: 32/36
 39719 | Vaults:5 | Found Luakhlamo's Antique Armour Boutique.
 39845 | Vaults:5 | Reached skill level 20 in Stealth
 39935 | Vaults:5 | Got a coiled zirconium amulet
 39936 | Vaults:5 | Identified the amulet of Beogh's Grace {Faith rElec rC+}
                  | (You found it on level 5 of the Vaults)
 39961 | Vaults:5 | Identified the Catalogue of the Hurtful Glacier
 40136 | Vaults:5 | Gained mutation: You are frail. (-10% HP) [a shining eye]
 40144 | Vaults:5 | Lost mutation: You are frail. (-10% HP) [potion of
                  | mutation]
 40144 | Vaults:5 | Lost mutation: You are occasionally teleported next to
                  | monsters. [potion of mutation]
 40144 | Vaults:5 | Gained mutation: Your mind is acute. (Int +2) [potion of
                  | mutation]
 40144 | Vaults:5 | Gained mutation: Scrolls take you a little longer to read.
                  | [potion of mutation]
 40144 | Vaults:5 | Gained mutation: Your system is resistant to poisons.
                  | (rPois) [potion of mutation]
 40234 | Vaults:5 | Noticed Jory
 40238 | Vaults:5 | Killed Jory
 40238 | Vaults:5 | Identified the +10 bardiche "Hymam" {holy, Str+2}
 40669 | Vaults:5 | Identified the +4 glaive of a ziggurat {venom, rElec rN+}
 40689 | Vaults:5 | Acquired the ring "Giutef" {rElec EV+4 Str+2 Dex-3 SInv}
 41264 | Depths:1 | Entered Level 1 of the Depths
 41410 | Depths:1 | Found a gateway to a ziggurat.
 41719 | Depths:1 | Found a stormy altar of Qazlal.
 41749 | Depths:1 | Found a gateway to Hell.
 41767 | Depths:1 | Reached XP level 26. HP: 137/137 MP: 36/36
 42206 | Depths:1 | Found a runed translucent door.
 42209 | Depths:1 | Found a radiant altar of Vehumet.
 42209 | Depths:1 | Noticed an ancient lich
 42223 | Depths:1 | Killed an ancient lich
 42233 | Depths:1 | Identified the Compendium of Confrontation
 42572 | Depths:2 | Paralysed by a floating eye for 2 turns
 42608 | Depths:2 | Reached skill level 15 in Shields
 42754 | Depths:2 | Found Jihid's Assorted Antiques.
 42754 | Depths:2 | Found Nuteif's Antique Weapon Shop.
 43069 | Depths:2 | Found a portal to a secret trove of treasure.
 43554 | Depths:3 | Found a one-way gate to the infinite horrors of the Abyss.
 43630 | Depths:3 | Found a flickering gateway to a bazaar.
 43651 | Bazaar   | Entered a bazaar
 43653 | Bazaar   | Found Weolated's General Store.
 43656 | Bazaar   | Found Irumal's Gadget Shoppe.
 43662 | Bazaar   | Found Goodymn's General Store.
 43674 | Bazaar   | Found Entuahoing's Book Emporium.
 43711 | Bazaar   | Found Dytzink's General Store.
 43730 | Bazaar   | Bought a scroll of enchant armour for 60 gold pieces
 43730 | Bazaar   | Bought a potion of mutation for 64 gold pieces
 43739 | Bazaar   | Bought 7 boomerangs of dispersal for 136 gold pieces
 44486 | Depths:3 | Found a one-way gate leading to the halls of Pandemonium.
 44784 | Depths:4 | Cast into level 2 of the Abyss (hell knight)
 45164 | Abyss:2  | Found a shimmering blue altar of Sif Muna.
 45321 | Abyss:2  | Found a corrupted altar of Lugonu.
 45795 | Abyss:3  | Found a corrupted altar of Lugonu.
 45933 | Abyss:3  | Reached XP level 27. HP: 144/144 MP: 36/36
 45940 | Abyss:3  | Reached skill level 15 in Fighting
 45984 | Abyss:3  | Reached skill level 15 in Throwing
 46010 | Abyss:3  | Got an abyssal rune of Zot
 46032 | Depths:4 | Escaped the Abyss
 46736 | Depths:4 | Identified Bosmihae's Papyrus of the Glacier and Envenoming
 46868 | Depths:5 | Entered Level 5 of the Depths
 46978 | Depths:5 | Found Tedag's Book Shop.
 46984 | Depths:5 | Found Vixier's Book Emporium.
 46998 | Depths:5 | Acquired 628 gold pieces
 47095 | Depths:5 | Reached skill level 21 in Stealth
 47115 | Depths:5 | Noticed a juggernaut
 47123 | Depths:5 | Killed a juggernaut
 47464 | Depths:5 | Found a runed translucent door.
 47464 | Depths:5 | Found a runed translucent door.
 47473 | Depths:5 | Found a runed translucent door.
 47542 | Depths:5 | Found a runed translucent door.
 47543 | Depths:5 | Found a runed translucent door.
 47651 | Depths:5 | Found a runed translucent door.
 47810 | Depths:5 | Found a gate to the Realm of Zot.
 47989 | Depths:2 | Bought a glimmering chain mail for 399 gold pieces
 47991 | Depths:2 | Identified the cursed +1 chain mail of Living Fun {rCorr
                  | Int+2} (You bought it in a shop on level 2 of the Depths)
 48166 | Depths:5 | Found Etoqaxaf's Gadget Boutique.
 48170 | Depths:5 | Found Aqosiu's Antique Armour Emporium.
 48177 | Depths:5 | Bought a pair of glowing gloves for 330 gold pieces
 49241 | Slime:1  | Entered Level 1 of the Pits of Slime
 49473 | Slime:5  | Entered Level 5 of the Pits of Slime
 49587 | Slime:5  | Found a viscous altar of Jiyva.
 49590 | Slime:5  | Noticed the Royal Jelly
 49591 | Slime:5  | Killed the Royal Jelly
 49592 | Slime:5  | Found the +3 robe of Folly {Archmagi, MR-- Int+5}
 49914 | Slime:5  | Acquired 1301 gold pieces
 49983 | Slime:5  | Identified the +9 plate armour of the Pit {rC+ MR+ Str-5}
                  | (You found it on level 5 of the Pits of Slime)
 49995 | Slime:5  | Got a slimy rune of Zot
 50005 | Slime:5  | Identified the +1 pair of boots "Senyqen" {Int+4} (You
                  | found it on level 5 of the Pits of Slime)
 50460 | Depths:2 | You showed the slimy rune of Zot to enter a treasure trove
 50461 | Trove    | Entered a treasure trove
 50468 | Trove    | Identified Sif Muna's Grimoire of Unholy Arts
 50639 | Zot:1    | Entered Level 1 of the Realm of Zot
 51037 | Zot:1    | Killed from afar by a quicksilver dragon

Illustrated notes

Levels and vault maps discovered:
D:1:      wander_arrival_desolate, layout_basic
D:2:      layout_rooms, grunt_dithmenos_smoke_and_mirrors, minmay_fountain_box,
          uniq_robin
D:3:      layout_basic, lightli_temple_of_fire, old_standard_altar,
          minmay_statues_item, nicolae_tso_carved_into_rock
D:4:      layout_basic, kennysheep_mini, nemelex_xobeh_ov_fountains_minmay,
          palyth_stone_intersect, chequers_mini_garden, minivault_1
D:5:      layout_rooms, lemuel_doored_altar, yredelemnul_altar_generic,
          minmay_temple_entry_hall, serial_bayou_crossing, uniq_blork_the_orc
D:6:      layout_cave_pods, zin_treasury, minmay_microvault
D:7:      layout_rooms, kennysheep_little_box, evilmike_ruin_ashenzari
D:8:      layout_loops_ring, overflow_temple_1_default, cheibriados_altar_1,
          lair_entry_dummy, chequers_decorated_corner, uniq_pikel
D:9:      layout_irregular_city, marbit_many_paths, nicolae_ru_awakened_eye,
          uniq_joseph
D:10:     layout_basic, nicolae_qazlal_eye_of_the_storm
D:11:     layout_basic, serial_shops, shop, serial_rivers,
          chequers_serial_rivers_micro_d, chequers_serial_rivers_room_b,
          chequers_serial_rivers_room_a, chequers_serial_rivers_small_b,
          chequers_serial_rivers_micro_a, gauntlet_entry_generic, uniq_erolcha,
          uniq_sonja
D:12:     layout_small_grid, erik_orc_3, lemuel_blue_sif_altar
D:13:     layout_small_grid, lightli_vaults_fourway_checkpoint, serial_shops,
          shop, corexii_hall_statues_l
D:14:     layout_irregular_city, small_statue_intersection, serial_bayou,
          serial_bayou_shore_b, serial_bayou_pond_d, serial_bayou_ford_a,
          serial_bayou_shore_b
D:15:     hangedman_depths_entry_try_elsewhere_first, layout_rooms,
          gammafunk_ghost_split, kennysheep_flooded_box, serial_ice,
          serial_ice_a, serial_ice_j, serial_ice_n, serial_ice_c,
          portal_ice_cave_demonic_guard, uniq_louise
Temple:   kb_temple_of_zot
Lair:1:   layout_chaotic_city, uniq_harold
Lair:2:   layout_chaotic_city, dummy_spider_entry, uniq_urug
Lair:3:   dragon1_lemuel, layout_chaotic_city, minmay_swamp_entry_swarm
Lair:4:   layout_regular_city, wad_woods_river_01
Lair:5:   layout_layer_cave, slime_altar_1, chequers_serial_rivers_micro_c,
          minmay_lair_oklob_items, grunt_megastairs_3, serial_bayou_shore_b
Lair:6:   minmay_lair_end_enchanted_forest, layout_regular_city, st_stairs_6
Swamp:1:  layout_basic_swamp, nicolae_swamp_round_clearing,
          nicolae_island_escapes
Swamp:2:  layout_falls_marsh, hangedman_swamp_pad, swamp_pool2, worms_lemuel,
          infiniplex_staircase_pool, uniq_jorgrun
Swamp:3:  layout_basic_swamp, lemuel_altar_in_water, uniq_nikola
Swamp:4:  swamp, layout_basic_swamp, uniq_aizul
Spider:1: layout_spider_delve
Spider:2: nicolae_spider_mines_3, nicolae_spider_cling_ruins, uniq_kirke
Spider:3: layout_spider_delve, special_room [special_room_bee]
Spider:4: spider_rune_water
Slime:1:  layout_caves
Slime:2:  layout_caves
Slime:3:  layout_caves
Slime:4:  layout_caves
Slime:5
Orc:1:    layout_caves, basic_altar, serial_shops, shop
Orc:2:    grunt_orc_community_town_hall, layout_caves,
          grunt_orc_community_big_house_1, grunt_orc_community_big_house_2,
          grunt_orc_community_house_1, grunt_orc_community_house_2,
          grunt_orc_community_house_3, grunt_orc_community_house_1,
          nicolae_orc_bridge_out
Elf:1:    eino_elf_arrival_sip, layout_loops_cross,
          minmay_shop_enchanted_jewellery, hangedman_glass_teeth,
          david_defended_altar_elf, uniq_frances, uniq_azrael
Elf:2:    layout_gridlike, special_room [special_room_mythical_zoo],
          minivault_25, drop_trap, serial_sigils_hangedman_shear
Elf:3:    minmay_elf_hall_four_x, layout_loops_cross, minmay_shop_grove
Vaults:1: vaults_room_fancy_cross, dpeg_vaults_monster_box, v_alt_pattern_1,
          nicolae_vaults_ninety_degrees, nicolae_vaults_ring_of_whatevers,
          vaults_room_fours, vaults_mumra_hexcomb, ontoclasm_vaults_shuriken,
          hangedman_vaults_trim, nicolae_vaults_yaktaur_gun_rack, v_misc_15,
          layout_vaults_ring, serial_shops, shop, uniq_saint_roka
Vaults:2: minmay_crypt_entry_necro_gods, v_misc_22, v_pattern_2,
          ontoclasm_vaults_shout, ontoclasm_vaults_spin, ontoclasm_vaults_chip,
          nicolae_vaults_theta, layout_vaults_omnigrid
Vaults:3: hangedman_vaults_stretched_pinwheel, grunt_vaults_twisty,
          vaults_dpeg_cross, nicolae_vaults_circle_grid_a,
          vaults_room_door_hall, nicolae_vaults_network_barrier,
          grunt_vaults_swirl, nicolae_vaults_little_squares_1,
          nicolae_vaults_windows_and_doors_thing,
          dpeg_vaults_pockets_of_resistance, hangedman_vaults_snaps,
          vaults_mumra_chevron, layout_vaults_big_room
Vaults:4: ontoclasm_vaults_decontamination, hangedman_vaults_nodes,
          vaults_dpeg_spiral, v_misc_15, ontoclasm_vaults_pinch,
          vaults_room_fours, hangedman_vaults_stream, gammafunk_its_a_trap,
          nicolae_vaults_asterisk, ontoclasm_vaults_misaligned,
          ontoclasm_vaults_claustrophobia, vaults_room_corners,
          layout_vaults_maze_bifur, serial_shops, bzr_entry_islet
Vaults:5: uniq_jory
Depths:1: layout_cave_shapes, enter_ziggurat_a, hangedman_abyss_or_decor_passed,
          hell_entry, grunt_absolute_annihilation, hangedman_decor_cross_pass
Depths:2: minmay_stepped, layout_gridlike, hell_entry,
          hangedman_abyss_or_decor_stagger, nicolae_trove_entry_crossroad,
          minmay_misc_feat_alley, minmay_shoptagon,
          infiniplex_staircase_hallway_doors
Depths:3: minmay_angry_zag, layout_gridville, serial_shops, bzr_in_the_mist,
          hell_entry, grunt_pan_entry_spiral, nicolae_twisting_strands,
          abyss_entry, wad_mini_maze
Depths:4: kennysheep_oblong_rooms, layout_cave_shapes, lightli_too_deep,
          kennysheep_minor_cross, abyss_entry, special_room
          [special_room_jelly], hex_tiny, infiniplex_staircase_diamond
Depths:5: evilmike_zot_entry_castle, layout_cave_pools, kennysheep_doodads,
          serial_shops, nicolae_shop_statue_plus, shop, shop, shop,
          pf_hell_entry_tar_spiral, rand_demon_pan_entry_1,
          small_chamber_with_monster
Zot:1:    lemuel_acid_trip, layout_onion_interference, st_stairs_10

Skill      XL: |  1  2  3  4  5  6  7  8  9 10 11 12 13 14 15 16 17 18 19 20 21 22 23 24 25 26 27 |
---------------+----------------------------------------------------------------------------------+-----
Short Blades   | 2 3 5 6 7 9 11 12 13 14 | 14.0
Fighting       | 3 6 8 9 10 11 13 14 16 | 16.0
Shields        | 3 6 8 9 10 12 13 16 17 | 17.0
Armour         | 3 5 8 12 13 | 13.0
Evocations     | 1 3 5 6 7 10 11 | 11.0
Invocations    | 3 6 7 10 12 14 16 18 | 18.0
Throwing       | 4 6 8 10 11 13 14 16 | 16.0
Stealth        | 4 8 10 12 13 15 16 17 19 20 21 | 21.0
Necromancy     | 3 9 10 12 13 14 | 14.7
Dodging        | 3 6 7 10 12 | 12.0

Action                   |  1- 3 |  4- 6 |  7- 9 | 10-12 | 13-15 | 16-18 | 19-21 | 22-24 | 25-27 || total
-------------------------+-------+-------+-------+-------+-------+-------+-------+-------+-------++-------
Melee: Rapier            |   102 |   183 |   379 |   398 |    77 |       |       |       |       ||  1139
       Bite              |    31 |    61 |   122 |   151 |   386 |   276 |   342 |   343 |   907 ||  2619
       Quick blade       |       |       |       |       |   831 |   612 |   737 |   724 |  1526 ||  4430
Throw: Dart              |       |       |     6 |    57 |   108 |    25 |    33 |       |       ||   229
       Javelin           |       |       |       |    27 |    14 |    10 |     2 |    14 |    22 ||    89
       Boomerang         |       |       |       |       |    14 |    66 |     3 |    14 |    22 ||   119
       Throwing net      |       |       |       |       |       |     1 |       |       |     1 ||     2
 Cast: Animate Skeleton  |       |       |       |       |     5 |     7 |    24 |    36 |       ||    72
Invok: Line Pass         |       |       |     5 |     5 |    10 |    18 |     8 |     7 |    31 ||    84
       Stomp             |       |       |       |     1 |     5 |     4 |     3 |     2 |    14 ||    29
       Grand Finale      |       |       |       |       |     7 |    11 |     9 |     3 |    15 ||    45
 Abil: Evoke Invisibilit |       |       |     7 |    25 |    42 |    23 |    24 |    32 |    20 ||   173
Evoke: Wand              |       |       |       |     2 |     3 |       |     1 |       |       ||     6
       Lightning rod     |       |       |       |       |     4 |       |     2 |       |       ||     6
       Condenser vane    |       |       |       |       |     2 |     3 |     1 |     2 |     2 ||    10
       Tin of tremorston |       |       |       |       |       |       |       |       |     2 ||     2
  Use: Potion            |       |     1 |       |     3 |     1 |     3 |     4 |     2 |     5 ||    19
       Scroll            |       |    17 |     4 |     9 |    15 |    19 |    12 |     5 |    25 ||   106
 Stab: Invisible         |       |       |    13 |    32 |    90 |    36 |    67 |    59 |    66 ||   363
       Paralysed         |       |       |     6 |    25 |    62 |    41 |    71 |   103 |   126 ||   434
       Confused          |       |       |     1 |     1 |     6 |    10 |     4 |     7 |    27 ||    56
       Sleeping          |       |       |       |       |    23 |    18 |    42 |    82 |    64 ||   229
       Distracted        |       |       |       |       |       |     2 |     1 |       |    14 ||    17
       Held in net/web   |       |       |       |       |       |       |     1 |       |       ||     1
Armor: Scale mail        |    32 |       |       |       |       |       |       |       |       ||    32
       Storm dragon scal |     9 |   109 |   155 |   128 |     9 |       |       |       |       ||   410
       Ring mail         |       |       |       |       |    49 |       |       |       |       ||    49
       Chain mail        |       |       |       |       |    99 |   123 |   148 |   100 |   191 ||   661
       Gold dragon scale |       |       |       |       |       |       |       |       |    39 ||    39
       Acid dragon scale |       |       |       |       |       |       |       |       |    19 ||    19
Dodge: Dodged            |    34 |    41 |    39 |    33 |    50 |   107 |   127 |    93 |   283 ||   807
Block: Kite shield       |    67 |    77 |    96 |       |       |       |       |       |       ||   240
       Tower shield      |       |       |    84 |   215 |   362 |   279 |   377 |   279 |   726 ||  2322

Table legend: (Time is in decaauts)
 A = Elapsed time spent in this place.
 B = Non-inter-level travel time spent in this place.
 C = Inter-level travel time spent in this place.
 D = Time resting spent in this place.
 E = Time spent auto-exploring this place.
 F = Levels seen in this place.
 G = Mean time per level.
                   A        B        C        D        E       F      G
               +--------+--------+--------+--------+--------+-----+--------+
         Total |  48624 |  43323 |   5301 |   4422 |  26188 |  58 |  838.3 |
       Dungeon |  14072 |  12208 |   1864 |    736 |   8656 |  15 |  938.1 |
        Temple |     78 |     48 |     30 |      0 |     41 |   1 |   78.0 |
          Lair |   6923 |   6301 |    622 |    950 |   4234 |   6 | 1153.8 |
         Swamp |   2842 |   2595 |    247 |    292 |   1626 |   4 |  710.5 |
   Spider Nest |   2590 |   2318 |    272 |    325 |   1437 |   4 |  647.5 |
    Slime Pits |    801 |    765 |     36 |    253 |      0 |   5 |  160.2 |
  Orcish Mines |   1448 |   1303 |    145 |     33 |    941 |   2 |  724.0 |
   Elven Halls |   4331 |   3960 |    371 |    721 |   1937 |   3 | 1443.7 |
        Vaults |   7179 |   6043 |   1136 |    442 |   3683 |   5 | 1435.8 |
        Depths |   5673 |   5098 |    575 |    326 |   3312 |   5 | 1134.6 |
           Zot |    332 |    332 |      0 |     41 |    101 |   1 |  332.0 |
         Abyss |   1034 |   1034 |      0 |      0 |      0 |   2 |  517.0 |
        Bazaar |    301 |    301 |      0 |      0 |    196 |   2 |  150.5 |
         Trove |     57 |     57 |      0 |      0 |      2 |   1 |   57.0 |
      Ice Cave |    354 |    354 |      0 |      7 |      7 |   1 |  354.0 |
      Gauntlet |    601 |    601 |      0 |    295 |     12 |   1 |  601.0 |
               +--------+--------+--------+--------+--------+-----+--------+

Top non-repeatable levels by time:
   Elf:2: 1675 daAuts
Vaults:5: 1622 daAuts
Vaults:2: 1527 daAuts
Vaults:3: 1453 daAuts
   Elf:3: 1452 daAuts
Vaults:1: 1351 daAuts
Depths:5: 1344 daAuts
  Lair:5: 1342 daAuts
Vaults:4: 1224 daAuts
Depths:2: 1204 daAuts
   Elf:1: 1203 daAuts
  Lair:4: 1188 daAuts
  Lair:6: 1175 daAuts
     D:3: 1135 daAuts
    D:12: 1117 daAuts
